Map: Bel'Shir Vestige LE (Void)

Players

Yav

  • Race: Protoss Protoss
  • League: Master
  • Spawn Location: 5:00

Railgan - Winner!

  • Race: Zerg Zerg
  • League: Grandmaster
  • Spawn Location: 11:00

VOD

Have the link to the VOD?

Description

Time

  • Played on: March 24, 2017, 11:31 a.m.
  • Length: 10:48
Show
View Real Time Build Order
Export as new Build Order

Yav Protoss 

Build Orders: 1 Gate Expand 

Get SALT Encoding   

  12  0:00  Probe (Chrono Boost)  
  13  0:11  Probe (Chrono Boost)  
  14  0:19  Pylon  
  14  0:22  Probe (Chrono Boost)  
  15  0:38  Probe (Chrono Boost)  
  15  0:40  Gateway  
  16  0:44  Assimilator  
  16  0:48  Probe (Chrono Boost)  
  17  0:59  Probe (Chrono Boost)  
  18  1:09  Probe (Chrono Boost)  
  19  1:20  Probe (Chrono Boost)  
  20  1:29  Nexus  
  20  1:32  Cybernetics Core  
  20  1:35  Probe (Chrono Boost)  
  21  1:40  Assimilator  
  21  1:46  Probe (Chrono Boost)  
  22  1:53  Pylon  
  22  1:56  Probe (Chrono Boost)  
  23  2:07  Adept  
  23  2:09  Warp Gate  
  23  2:13  Probe (Chrono Boost)  
  26  2:21  Twilight Council  
  26  2:25  Probe (Chrono Boost)  
  27  2:31  Adept  
  30  2:37  Probe (Chrono Boost)  
  30  2:42  Probe (Chrono Boost)  
  31  2:49  Probe (Chrono Boost)  
  32  2:52  Probe (Chrono Boost)  
  32  2:54  Gateway  
  32  2:57  Resonating Glaives  
  33  3:01  Probe (Chrono Boost)  
  33  3:03  Probe (Chrono Boost)  
  35  3:11  Probe (Chrono Boost)  
  36  3:13  Gateway, Probe (Chrono Boost)  
  37  3:22  Probe (Chrono Boost)  
  37  3:23  Robotics Facility  
  37  3:24  Probe (Chrono Boost)  
  37  3:26  Stalker  
  41  3:32  Probe (Chrono Boost)  
  42  3:34  Probe (Chrono Boost)  
  42  3:36  Pylon  
  43  3:43  Probe (Chrono Boost)  
  43  3:45  Probe (Chrono Boost), Assimilator  
  43  3:47  Assimilator  
  45  3:53  Probe (Chrono Boost)  
  47  3:55  Probe (Chrono Boost)  
  47  4:04  Probe (Chrono Boost)  
  47  4:06  Probe (Chrono Boost)  
  47  4:07  Pylon, Warp Prism  
  49  4:14  Pylon, Adept  
  54  4:18  Probe (Chrono Boost)  
  54  4:21  Pylon  
  54  4:25  Adept x2, Probe (Chrono Boost)  
  61  4:33  Mothership Core (Chrono Boost)  
  61  4:39  Pylon, Probe (Chrono Boost)  
  61  4:40  Adept  
  61  4:41  Observer  
  65  4:47  Adept x2  
  65  4:52  Probe (Chrono Boost)  
  70  4:59  Probe (Chrono Boost)  
  71  5:03  Immortal  
  71  5:04  Probe (Chrono Boost)  
  71  5:05  Adept  
  74  5:07  Pylon  
  74  5:09  Pylon, Adept  
  74  5:10  Adept  
  76  5:27  Probe (Chrono Boost), Sentry  
  76  5:28  Probe (Chrono Boost)  
  80  5:29  Blink  
  72  5:37  Immortal  
  72  5:40  Sentry x2  
  80  5:48  Nexus  
  81  6:12  Immortal  
  81  6:13  Probe x2 (Chrono Boost)  
  81  6:17  Sentry x2  
  81  6:18  Sentry  
  92  6:22  Pylon  
  92  6:25  Pylon  
  92  6:30  Probe x2 (Chrono Boost)  
  94  6:35  Forge  
  94  6:41  Gateway x2  
  94  6:43  Gateway  
  94  6:44  Stalker x3  
  94  6:46  Immortal  
  100  6:50  Probe x2 (Chrono Boost)  
  106  6:56  Pylon  
  106  6:58  Pylon  
  106  6:59  Pylon  
  106  7:02  Probe (Chrono Boost)  
  106  7:03  Probe x2 (Chrono Boost)  
  109  7:13  Protoss Ground Weapons Level 1  
  109  7:19  Stalker x3  
  109  7:22  Immortal, Probe (Chrono Boost)  
  118  7:23  Probe x2 (Chrono Boost)  
  122  7:42  Stalker  
  122  7:43  Stalker  
  126  7:46  Stalker x2  
  126  7:47  Stalker x2  
  134  7:52  Charge  
  134  7:56  Immortal  
  138  8:09  Pylon  
  138  8:11  Pylon  
  138  8:13  Pylon  
  138  8:16  Pylon  
  136  8:22  Pylon  
  136  8:27  Pylon  
  136  8:28  Stalker x3  
  136  8:32  Assimilator  
  136  8:33  Pylon, Immortal  
  138  8:34  Assimilator  
  138  8:35  Pylon  
  138  8:38  Pylon x2  
  138  8:48  Photon Cannon  
  137  8:51  Stalker x3  
  137  8:52  Stalker x3  
  129  9:31  Stalker x6  
  113  9:38  Immortal  
  103  9:56  Zealot x3  
  103  9:57  Zealot x3  
  115  10:00  Gateway  
  115  10:03  Gateway  
  118  10:08  Probe x3 (Chrono Boost)  
  118  10:15  Nexus  
  118  10:17  Stalker  
  118  10:18  Stalker x4  
  118  10:19  Stalker  
  132  10:23  Pylon  
  132  10:26  Pylon  
  126  10:43  Zealot x5  
  126  10:44  Zealot  
Show
View Real Time Build Order
Export as new Build Order

Railgan Zerg - Winner!

Build Orders: Hatch First, Lurkers 

Get SALT Encoding   

  12  0:01  Drone  
  13  0:12  Overlord  
  13  0:17  Drone  
  14  0:30  Drone x2  
  14  0:34  Drone  
  17  0:57  Drone, Hatchery  
  16  0:59  Drone  
  18  1:11  Spawning Pool  
  18  1:13  Extractor  
  18  1:16  Drone  
  17  1:18  Drone  
  18  1:28  Drone  
  19  1:39  Overlord  
  19  1:51  Drone  
  20  2:00  Drone  
  21  2:06  Queen  
  21  2:08  Queen  
  23  2:09  Zergling x2  
  23  2:12  Drone  
  27  2:17  Metabolic Boost  
  27  2:19  Drone  
  28  2:27  Drone  
  29  2:31  Drone  
  30  2:39  Drone  
  30  2:41  Hatchery  
  30  2:44  Drone  
  30  2:47  Overlord  
  30  2:50  Queen  
  33  2:53  Zergling x2  
  33  2:56  Zergling x2  
  35  3:03  Drone, Spore Crawler  
  35  3:09  Drone  
  34  3:13  Drone  
  34  3:15  Drone  
  34  3:16  Drone x2  
  34  3:18  Overlord  
  34  3:19  Drone x3  
  42  3:28  Queen  
  42  3:33  Overlord  
  44  3:39  Drone x2  
  44  3:40  Drone  
  47  3:44  Spore Crawler  
  47  3:45  Spore Crawler  
  47  3:47  Drone  
  46  3:49  Roach Warren  
  46  3:51  Zergling x4  
  46  3:52  Drone  
  48  3:56  Drone  
  48  4:00  Drone  
  50  4:04  Drone, Overlord  
  50  4:06  Drone  
  52  4:13  Drone x2  
  53  4:17  Drone x2  
  53  4:18  Drone x4  
  53  4:23  Extractor  
  58  4:24  Extractor, Drone  
  58  4:33  Spore Crawler  
  58  4:34  Roach x4  
  58  4:36  Drone x2  
  67  4:41  Evolution Chamber  
  67  4:42  Overlord  
  67  4:43  Zergling x2  
  67  4:48  Drone x2  
  67  4:51  Lair  
  69  4:56  Roach x2  
  73  5:04  Roach x3  
  79  5:13  Zergling x4  
  81  5:20  Zergling x2  
  82  5:23  Zergling x4  
  82  5:25  Drone, Overlord  
  81  5:32  Drone, Overlord  
  81  5:33  Overlord  
  81  5:34  Drone  
  82  5:50  Drone x8  
  82  5:51  Drone, Overlord  
  82  5:52  Overlord  
  82  5:53  Drone  
  82  5:55  Extractor  
  82  5:56  Zerg Missile Weapons Level 1  
  90  5:57  Glial Reconstitution  
  90  5:58  Hydralisk Den  
  90  6:01  Drone  
  90  6:02  Drone x4  
  91  6:12  Extractor  
  91  6:13  Extractor  
  91  6:15  Roach x3  
  91  6:18  Overseer  
  95  6:20  Drone x3  
  95  6:24  Hatchery  
  97  6:26  Drone  
  97  6:27  Drone x2  
  97  6:28  Overlord  
  97  6:31  Drone x2  
  102  6:33  Muscular Augments  
  102  6:40  Hydralisk x2  
  102  6:43  Roach  
  102  6:47  Zergling x14  
  109  6:49  Overlord  
  109  6:53  Pneumatized Carapace  
  115  6:54  Zergling x2  
  115  6:55  Zergling x2  
  115  7:01  Hydralisk x3  
  117  7:06  Overlord  
  117  7:07  Overlord  
  123  7:12  Overlord  
  123  7:13  Hydralisk x2  
  127  7:16  Hydralisk  
  127  7:19  Overlord  
  127  7:20  Overlord  
  129  7:23  Overlord  
  129  7:26  Hydralisk  
  129  7:27  Hydralisk  
  133  7:34  Hydralisk  
  135  7:39  Roach x6  
  147  7:45  Lurker Den  
  147  7:47  Hydralisk  
  147  7:48  Hydralisk x2  
  149  8:00  Zergling x22  
  149  8:03  Ravager x5  
  149  8:04  Drone  
  166  8:06  Drone  
  166  8:10  Zergling x2  
  166  8:11  Zergling x2  
  161  8:20  Roach x2  
  161  8:21  Roach x4  
  155  8:30  Drone x4  
  155  8:34  Roach x4  
  164  8:35  Zergling x2  
  165  8:44  Zergling x8  
  166  8:56  Hydralisk  
  166  8:57  Hydralisk x5  
  166  8:59  Overlord  
  166  9:01  Zergling x2  
  176  9:07  Zergling x2  
  176  9:09  Overlord  
  174  9:10  Zergling x2  
  174  9:15  Hydralisk  
  161  9:18  Zergling x2  
  148  9:25  Hydralisk  
  148  9:26  Hydralisk  
  148  9:27  Hydralisk  
  148  9:28  Zergling x2  
  148  9:29  Hydralisk, Zergling x8  
  141  9:31  Hydralisk  
  141  9:32  Hydralisk  
  141  9:36  Hydralisk  
  128  9:39  Hydralisk  
  128  9:41  Hydralisk x6, Queen  
  128  9:43  Hydralisk  
  131  9:50  Lurker, Zergling x2  
  131  9:51  Zergling x10  
  135  9:57  Lurker  
  135  9:59  Zergling x6  
  139  10:03  Lurker  
  139  10:04  Lurker  
  139  10:05  Drone x3  
  144  10:07  Extractor  
  144  10:08  Extractor  
  142  10:18  Hydralisk x3  
  142  10:19  Zergling x2  
  149  10:21  Hatchery  
Tags
 
Add a new tag
Caveats
  • Supply blocks, unpowered buildings, or Contaminate may cause inaccurate times.
  • Supply counts are checked every 10 seconds.